 Dungeon Crawl Stone Soup version 0.12.2-35-g1c9f977 (webtiles) character file.

101 HoboGoblin the Vexing (level 2, 0/19 HPs)
             Began as a Vampire Enchanter on Sept 14, 2013.
             Was an Initiate of Kikubaaqudgha.
             Slain by a hobgoblin (4 damage)
             ... on Level 1 of the Dungeon.
             The game lasted 00:02:50 (901 turns).

HoboGoblin the Vexing (Vampire Enchanter)            Turns: 901, Time: 00:02:50

HP   0/19        AC  3     Str  7      XL: 2   Next: 89%
MP   0/5         EV 12     Int 17      God: Kikubaaqudgha [......]
Gold 75          SH  0     Dex 14      Spells:  2 memorised,  1 level left

Res.Fire  : . . .   See Invis. : +   a - +1 dagger {=f}
Res.Cold  : . . .   Warding    : .   b - +1 robe
Life Prot.: . . .   Conserve   : .   (no shield)
Res.Poison: .       Res.Corr.  : .   (no helmet)
Res.Elec. : .       Clarity    : .   (no cloak)
Sust.Abil.: . .     Spirit.Shd : .   (no gloves)
Res.Mut.  : .       Stasis     : .   (no boots)
Res.Rott. : .       Ctrl.Telep.: .   (no amulet)
Saprovore : . . .   Flight     : .   (no ring)
                                     (no ring)

@: regenerating quickly, not resistant to hostile enchantments, stealthy
A: fangs 3, see invisible, unbreathing
a: Renounce Religion


You were on level 1 of the Dungeon.
You worshipped Kikubaaqudgha.
Kikubaaqudgha was pleased with you.
You were full.

You visited 1 branch of the dungeon, and saw 2 of its levels.

You collected 55 gold pieces.

Inventory:

Hand weapons
 a - a +1,+1 dagger (weapon) {=f}
Missiles
 d - 12 darts (quivered)
 h - 4 exploding darts
Armour
 b - a +1 robe (worn)
Scrolls
 e - a scroll of remove curse {unknown}
 f - a scroll of blinking {unknown}
 j - a scroll of magic mapping {unknown}
 m - a scroll of curse jewellery {unknown}
Jewellery
 g - an uncursed amulet of faith {unknown}
Potions
 i - 2 potions of curing {unknown}
 k - a potion of mutation {unknown}
 l - a potion of heal wounds {unknown}
 n - a potion of flight {unknown}
Books
 c - a book of Maledictions

   Spells                             Type                      Level
   *Corona                            Hexes                        1
   Sure Blade                         Hexes/Charms                 2
   *Ensorcelled Hibernation           Hexes/Ice                    2
   Confuse                            Hexes                        3
   Enslavement                        Hexes                        4
   Invisibility                       Hexes                        6


   Skills:
 - Level 1.1 Short Blades
 - Level 0.7 Throwing
 - Level 2.1 Dodging
 - Level 3.0 Stealth
 * Level 2.8 Stabbing
 + Level 1.5 Spellcasting
 - Level 4.4 Hexes


You had one spell level left.
You knew the following spells:

 Your Spells              Type           Power        Failure   Level  Hunger
a - Corona                Hex            ####....     3%          1    ##.....
b - Ensorcelled Hibernat  Hex/Ice        ##.....      14%         2    ###....


Dungeon Overview and Level Annotations

Branches:
Dungeon (2/27)

Altars:
Kikubaaqudgha


Innate Abilities, Weirdness & Mutations

Your natural rate of healing is unusually fast.
You have razor-sharp teeth.
You have supernaturally acute eyesight.
You can survive without breathing.


Message History

Press: ? - help, Shift-Dir - straight line, f - hobgoblin
Aim: a hobgoblin (heavily wounded)
You miscast Ensorcelled Hibernation.
Your hands feel numb with cold.
The hobgoblin hits you but does no damage.
Casting: Ensorcelled Hibernation
Confirm with . or Enter, or press ? or * to list all spells.
You don't have enough magic to cast that spell.
Unknown command.
Casting: Ensorcelled Hibernation
Confirm with . or Enter, or press ? or * to list all spells.
Aiming: Corona
Press: ? - help, Shift-Dir - straight line, f/p - hobgoblin
Aim: a hobgoblin (heavily wounded)
The hobgoblin is outlined in light.
The hobgoblin hits you.
* * * LOW HITPOINT WARNING * * *
You hit the hobgoblin but do no damage.
The hobgoblin is heavily wounded.
The hobgoblin hits you.
You die...
Kikubaaqudgha rasps: "You have failed me!
Welcome... oblivion!"

.####.########.#.#
...............#.#
.#############.#.#
...........)...#.#
.#############.#.#
.##..............#
%.#.#####.####.#.#
..#.##.........#.#
.......#######.#@#
.##.#........#.#g#
..#.#.########.#r#
..#.#.. ...#s####
..#..... ##.#....#
..#......?###.#.#.#.##
.....................#
. #........##.#.#.#.##
#...#### ..........#


You could see a giant cockroach, a hobgoblin and a rat.

Vanquished Creatures
  4 bats
  2 giant cockroaches
  A goblin (D:1)
  2 hobgoblins (D:1)
  4 jackals (D:1)
  5 kobolds
  A quokka (D:2)
  A giant newt (D:1)
  3 rats
23 creatures vanquished.

Notes
Turn   | Place    | Note
--------------------------------------------------------------
     0 | D:1      | HoboGoblin, the Vampire Enchanter, began the quest for the Orb.
     0 | D:1      | Reached XP level 1. HP: 13/13 MP: 4/4
   512 | D:2      | Reached XP level 2. HP: 17/19 MP: 5/5
   516 | D:2      | Learned a level 2 spell: Ensorcelled Hibernation
   567 | D:2      | Found an ancient bone altar of Kikubaaqudgha.
   573 | D:2      | Became a worshipper of Kikubaaqudgha
   901 | D:1      | Slain by a hobgoblin

Action                   || total
-------------------------++-------
Melee: Dagger            ||    95
 Cast: Ensorcelled Hiber ||     5
       Corona            ||     1
  Use: Potion            ||     1
 Stab: Sleeping          ||     7
